TOP OF THE 1ST |
Montreal Expos batting - Pitching for New York Yankees : RHP Andres Galindo
|
Pitching: RHP Andres Galindo
|
|
Batting: LHB Bill McGregor
|
0-0: Ball 1-0: Swinging Strike 1-1: Foul Ball, location: 2F 1-2: Strikes out swinging
|
Batting: LHB Steve Anderson
|
0-0: Swinging Strike 0-1: Ball 1-1: Ground out 2-3 (Groundball, 13S, EV 65.6 MPH)
|
Batting: RHB John Ham
|
0-0: Ball 1-0: Ball 2-0: Swinging Strike 2-1: Called Strike 2-2: DOUBLE (Flyball, 89XD, EV 110.0 MPH)
|
Batting: LHB Austin Ohmer
|
0-0: Ball 1-0: Ground out 4-3 (Groundball, 4, EV 85.6 MPH)
|
Top of the 1st over - 0 runs, 1 hit, 0 errors, 1 left on base; Montreal 0 - New York 0 |
BOTTOM OF THE 1ST |
New York Yankees batting - Pitching for Montreal Expos : RHP Cheng-ho Hsu
|
Pitching: RHP Cheng-ho Hsu
|
|
Batting: LHB Jordan de Jesus
|
0-0: Swinging Strike 0-1: Ball 1-1: Ball 2-1: Ball 3-1: Called Strike 3-2: Ground out 1-3 (Groundball, 25, EV 66.9 MPH)
|
Batting: RHB Henri Cederberg
|
0-0: Ball 1-0: Swinging Strike 1-1: Called Strike 1-2: Ball 2-2: Ball 3-2: Fly out, F8 (Flyball, 8RD, EV 102.5 MPH)
|
Batting: LHB Jim Skare
|
0-0: Called Strike 0-1: Ball 1-1: Ball 2-1: Ball 3-1: Base on Balls
|
Batting: RHB Adriaan Pieters
|
0-0: Ball 1-0: Called Strike 1-1: Ball 2-1: Ball 3-1: Foul Ball, location: 2F 3-2: Foul Ball, location: 2F 3-2: Foul Ball, location: 2F 3-2: Strikes out looking
|
Bottom of the 1st over - 0 runs, 0 hits, 0 errors, 1 left on base; Montreal 0 - New York 0 |
TOP OF THE 2ND |
Montreal Expos batting - Pitching for New York Yankees : RHP Andres Galindo
|
Batting: RHB Steve French
|
0-0: SINGLE (Groundball, 6MD, EV 94.4 MPH)
|
Batting: SHB Lou Kroneman
|
0-0: Ball 1-0: Called Strike 1-1: Foul Ball, location: 2F 1-2: Foul Ball, location: 2F 1-2: Strikes out swinging
|
Batting: RHB Eugênio Asceno
|
0-0: Ball 1-0: Called Strike 1-1: Ball 2-1: Ball 3-1: Base on Balls Steve French to second
|
Batting: LHB Mark Marvin
|
0-0: Called Strike 0-1: Foul Ball, location: 2F 0-2: Ball 1-2: Ball 2-2: Ball 3-2: Foul Ball, location: 2F 3-2: SINGLE (Groundball, 6MD, EV 103.1 MPH) Steve French to third Eugênio Asceno to second
|
Batting: RHB Robby Juarez
|
0-0: Ball 1-0: Ball 2-0: Called Strike 2-1: Foul Ball, location: 2F 2-2: Ball 3-2: Strikes out looking
|
Batting: LHB Bill McGregor
|
0-0: Foul Ball, location: 2F 0-1: Ball 1-1: Called Strike 1-2: Strikes out looking
|
Top of the 2nd over - 0 runs, 2 hits, 0 errors, 3 left on base; Montreal 0 - New York 0 |
BOTTOM OF THE 2ND |
New York Yankees batting - Pitching for Montreal Expos : RHP Cheng-ho Hsu
|
Batting: RHB Shiro Suehiro
|
0-0: Called Strike 0-1: Foul Ball, location: 2F 0-2: Foul Ball, location: 2F 0-2: Ball 1-2: Strikes out swinging
|
Batting: LHB Joel Vera
|
0-0: Ball 1-0: Ball 2-0: Called Strike 2-1: Called Strike 2-2: Ball 3-2: Strikes out looking and he ARGUES THE CALL AND IS TOSSED!
|
Batting: RHB Russ Shambaugh
|
0-0: Ball 1-0: Foul Ball, location: 2F 1-1: Ball 2-1: Ball 3-1: SOLO HOME RUN (Line Drive, 78XD, EV 110.6 MPH), Distance : 420 ft
|
Batting: RHB Geni Prawiranega
|
0-0: Ball 1-0: Called Strike 1-1: Ball 2-1: Swinging Strike 2-2: Foul Ball, location: 2F 2-2: Ball 3-2: Foul Ball, location: 2F 3-2: Foul Ball, location: 2F 3-2: Fly out, F8 (Flyball, 8RM, EV 95.0 MPH)
|
Bottom of the 2nd over - 1 run, 1 hit, 0 errors, 0 left on base; Montreal 0 - New York 1 |
TOP OF THE 3RD |
Montreal Expos batting - Pitching for New York Yankees : RHP Andres Galindo
|
Now at 2B: James Boynton
|
|
Batting: LHB Steve Anderson
|
0-0: Ball 1-0: DOUBLE (Flyball, 89XD, EV 100.0 MPH)
|
Batting: RHB John Ham
|
0-0: Ground out U3 (Groundball, 3, EV 91.2 MPH) Steve Anderson to third
|
Batting: LHB Austin Ohmer
|
0-0: SINGLE (Line Drive, 78M, EV 100.6 MPH) Steve Anderson scores
|
Batting: RHB Steve French
|
0-0: Swinging Strike 0-1: Swinging Strike 0-2: Foul Ball, location: 2F 0-2: Ball 1-2: Ball 2-2: Strikes out swinging
|
Batting: SHB Lou Kroneman
|
0-0: Fly out, F8 (Flyball, 8LD, EV 93.8 MPH)
|
Top of the 3rd over - 1 run, 2 hits, 0 errors, 1 left on base; Montreal 1 - New York 1 |
BOTTOM OF THE 3RD |
New York Yankees batting - Pitching for Montreal Expos : RHP Cheng-ho Hsu
|
Batting: RHB Larry Martell
|
0-0: Ball 1-0: Fly out, F9 (Flyball, 9D, EV 98.1 MPH)
|
Batting: LHB Jordan de Jesus
|
0-0: Foul Ball, location: 2F 0-1: Called Strike 0-2: Ball 1-2: Ball 2-2: Strikes out swinging
|
Batting: RHB Henri Cederberg
|
0-0: SINGLE (Groundball, 6MD, EV 95.0 MPH)
|
Batting: LHB Jim Skare
|
0-0: Foul Ball, location: 2F 0-1: Fielders Choice at 2nd, U4 (Groundball, 4M, EV 91.2 MPH)
|
Bottom of the 3rd over - 0 runs, 1 hit, 0 errors, 1 left on base; Montreal 1 - New York 1 |
TOP OF THE 4TH |
Montreal Expos batting - Pitching for New York Yankees : RHP Andres Galindo
|
Batting: RHB Eugênio Asceno
|
0-0: Ball 1-0: Foul Ball, location: 2F 1-1: Ball 2-1: Ball 3-1: Base on Balls
|
Batting: LHB Mark Marvin
|
0-0: Called Strike 0-1: Ball 1-1: Ball 2-1: Ball 3-1: Swinging Strike 3-2: Grounds into double play, 4-6-3 (Groundball, 4, EV 95.6 MPH)
|
Batting: RHB Robby Juarez
|
0-0: Called Strike 0-1: Swinging Strike 0-2: Fly out, F8 (Line Drive, 8RM, EV 91.9 MPH)
|
Top of the 4th over - 0 runs, 0 hits, 0 errors, 0 left on base; Montreal 1 - New York 1 |
BOTTOM OF THE 4TH |
New York Yankees batting - Pitching for Montreal Expos : RHP Cheng-ho Hsu
|
Batting: RHB Adriaan Pieters
|
0-0: Called Strike 0-1: Ground out 4-3 (Groundball, 4, EV 103.8 MPH)
|
Batting: RHB Shiro Suehiro
|
0-0: Called Strike 0-1: Foul Ball, location: 2F 0-2: Ball 1-2: Foul Ball, location: 2F 1-2: Fly out, F8 (Flyball, 8LD, EV 102.5 MPH)
|
Batting: RHB James Boynton
|
0-0: Ball 1-0: Ball 2-0: Called Strike 2-1: Fly out, F3 (Popup, 3SF, EV 83.8 MPH)
|
Bottom of the 4th over - 0 runs, 0 hits, 0 errors, 0 left on base; Montreal 1 - New York 1 |
TOP OF THE 5TH |
Montreal Expos batting - Pitching for New York Yankees : RHP Andres Galindo
|
Batting: LHB Bill McGregor
|
0-0: Foul Ball, location: 2F 0-1: Ball 1-1: Foul Ball, location: 2F 1-2: Ball 2-2: Foul Ball, location: 2F 2-2: Ball 3-2: Base on Balls
|
Batting: LHB Steve Anderson
|
0-0: SINGLE (Line Drive, 7S, EV 108.8 MPH) Bill McGregor to second
|
DELAY
|
Rain delay of 41 minutes in the 5th inning.
|
Batting: RHB John Ham
|
0-0: Foul Ball, location: 2F 0-1: Foul Ball, location: 2F 0-2: Ball 1-2: Fly out, F8 (Flyball, 89M, EV 83.8 MPH)
|
Batting: LHB Austin Ohmer
|
0-0: Ball 1-0: Foul Ball, location: 2F 1-1: Foul Ball, location: 2F 1-2: Ball 2-2: Foul Ball, location: 2F 2-2: Fly out, F8 (Line Drive, 8RS, EV 91.2 MPH)
|
Batting: RHB Steve French
|
0-0: Ball 1-0: Foul Ball, location: 2F 1-1: Ball 2-1: Foul Ball, location: 2F 2-2: SINGLE (Groundball, 34, EV 105.0 MPH) Bill McGregor to third Steve Anderson to second Runner from 3rd tries for Home, SAFE, throw by RF to home
|
Batting: SHB Lou Kroneman
|
0-0: Called Strike 0-1: Fly out, F7 (Line Drive, 7LM, EV 85.6 MPH)
|
Top of the 5th over - 1 run, 2 hits, 0 errors, 2 left on base; Montreal 2 - New York 1 |
BOTTOM OF THE 5TH |
New York Yankees batting - Pitching for Montreal Expos : RHP Cheng-ho Hsu
|
Batting: RHB Russ Shambaugh
|
0-0: Ball 1-0: Swinging Strike 1-1: Foul Ball, location: 2F 1-2: Ground out 2-3 (Groundball, 2R, EV 74.4 MPH)
|
Batting: RHB Geni Prawiranega
|
0-0: Called Strike 0-1: Called Strike 0-2: Ball 1-2: Strikes out swinging
|
Batting: RHB Larry Martell
|
0-0: Ball 1-0: Ball 2-0: SINGLE (Line Drive, 4D, EV 101.9 MPH)
|
Batting: LHB Jordan de Jesus
|
0-0: Ball 1-0: Ball 2-0: Foul Ball, location: 2F 2-1: Called Strike 2-2: SINGLE (Groundball, 56D, EV 100.6 MPH) Larry Martell to second
|
Batting: RHB Henri Cederberg
|
0-0: Fly out, F8 (Flyball, 89M, EV 79.4 MPH)
|
Bottom of the 5th over - 0 runs, 2 hits, 0 errors, 2 left on base; Montreal 2 - New York 1 |
TOP OF THE 6TH |
Montreal Expos batting - Pitching for New York Yankees : RHP Andres Galindo
|
Batting: RHB Eugênio Asceno
|
0-0: Ball 1-0: Ball 2-0: Ball 3-0: Base on Balls
|
Pitching: RHP Dave Barry
|
|
Batting: LHB Mark Marvin
|
0-0: Foul Ball, location: 2F 0-1: Ball 1-1: Ball 2-1: Ball 3-1: Called Strike Eugênio Asceno is caught stealing 2nd base 2-6 3-2: Base on Balls
|
Batting: RHB Robby Juarez
|
0-0: Foul Ball, location: 2F 0-1: Swinging Strike 0-2: Foul Ball, location: 2F 0-2: Ball 1-2: Fielders Choice at 2nd, 6-4 (Groundball, 56, EV 103.1 MPH)
|
Batting: LHB Bill McGregor
|
0-0: Ball Robby Juarez steals 2nd, throwing error, E2 Robby Juarez to third 1-0: Ball 2-0: Called Strike 2-1: Ball 3-1: Called Strike 3-2: Foul Ball, location: 2F 3-2: Foul Ball, location: 2F 3-2: Ground out 6-3 (Groundball, 56D, EV 86.2 MPH)
|
Top of the 6th over - 0 runs, 0 hits, 1 error, 1 left on base; Montreal 2 - New York 1 |
BOTTOM OF THE 6TH |
New York Yankees batting - Pitching for Montreal Expos : RHP Cheng-ho Hsu
|
Batting: LHB Jim Skare
|
0-0: Called Strike 0-1: Fly out, F7 (Flyball, 7LSF, EV 72.5 MPH)
|
Pitching: RHP Ben Sheets
|
|
Batting: RHB Adriaan Pieters
|
0-0: Ball 1-0: Foul Ball, location: 2F 1-1: Swinging Strike 1-2: Ball 2-2: Ball 3-2: Strikes out swinging
|
Batting: RHB Shiro Suehiro
|
0-0: Ball 1-0: Called Strike 1-1: Foul Ball, location: 2F 1-2: Strikes out swinging
|
Bottom of the 6th over - 0 runs, 0 hits, 0 errors, 0 left on base; Montreal 2 - New York 1 |
TOP OF THE 7TH |
Montreal Expos batting - Pitching for New York Yankees : RHP Dave Barry
|
Pitching: RHP Chad Curry
|
|
Batting: LHB Steve Anderson
|
0-0: Ground out 1-3 (Groundball, P, EV 71.9 MPH)
|
Batting: RHB John Ham
|
0-0: Called Strike 0-1: Ball 1-1: Foul Ball, location: 2F 1-2: SINGLE (Line Drive, 3D, EV 99.4 MPH)
|
Batting: LHB Austin Ohmer
|
0-0: Ball 1-0: Ball 2-0: Swinging Strike 2-1: Foul Ball, location: 2F 2-2: Ball 3-2: SINGLE (Line Drive, 78S, EV 105.0 MPH) John Ham to second John Ham to third
|
Batting: RHB Steve French
|
0-0: Called Strike Austin Ohmer steals 2nd base 0-1: Foul Ball, location: 2F 0-2: Ball 1-2: Ball 2-2: Ball 3-2: Foul Ball, location: 2F 3-2: SINGLE (Line Drive, 8RS, EV 103.1 MPH) John Ham scores Austin Ohmer to third
|
Batting: SHB Lou Kroneman
|
0-0: Ball 1-0: Called Strike 1-1: Ball 2-1: Fly out, F9 (Flyball, 9LSF, EV 91.2 MPH) Runner from 3rd tags up, SCORES, throw by RF
|
Batting: RHB Eugênio Asceno
|
0-0: Ball 1-0: Ball 2-0: Fly out, F2 (Popup, 25F, EV 78.1 MPH)
|
Top of the 7th over - 2 runs, 3 hits, 0 errors, 1 left on base; Montreal 4 - New York 1 |
BOTTOM OF THE 7TH |
New York Yankees batting - Pitching for Montreal Expos : RHP Ben Sheets
|
Batting: RHB James Boynton
|
0-0: Ball 1-0: Ball 2-0: Ball 3-0: Called Strike 3-1: Ground out 5-3 (Groundball, 56S, EV 88.8 MPH)
|
Batting: RHB Russ Shambaugh
|
0-0: Swinging Strike 0-1: Ball 1-1: Swinging Strike 1-2: Ball 2-2: Strikes out swinging
|
Batting: RHB Geni Prawiranega
|
0-0: Ball 1-0: Called Strike 1-1: Swinging Strike 1-2: Ball 2-2: SINGLE (Groundball, 6MD, EV 101.9 MPH)
|
Batting: RHB Larry Martell
|
0-0: Ball 1-0: Ball 2-0: Swinging Strike 2-1: Ball 3-1: Reached on error, E6 (Groundball, 6, EV 103.1 MPH) Geni Prawiranega to second
|
Batting: LHB Jordan de Jesus
|
0-0: DOUBLE (Line Drive, 7LM, EV 107.5 MPH) Geni Prawiranega scores Larry Martell to third Runner from 3rd tries for Home, SAFE, no throw by LF
|
Batting: RHB Henri Cederberg
|
0-0: Called Strike 0-1: DOUBLE (Line Drive, 89D, EV 104.4 MPH) Jordan de Jesus scores
|
Pitching: LHP Kyle Schlosschlonghair
|
|
Pinch Hitting: SHB Victor Ruiz
|
0-0: Foul Ball, location: 2F 0-1: Called Strike 0-2: Ground out 6-3 (Groundball, 6, EV 85.6 MPH)
|
Bottom of the 7th over - 3 runs, 3 hits, 1 error, 1 left on base; Montreal 4 - New York 4 |
TOP OF THE 8TH |
Montreal Expos batting - Pitching for New York Yankees : RHP Chad Curry
|
Pitching: LHP Robert Cruz
|
|
Now at 1B: Victor Ruiz
|
|
Pinch Hitting: RHB Tommie Eaton
|
0-0: Fly out, F7 (Line Drive, 78M, EV 102.5 MPH)
|
Batting: RHB Robby Juarez
|
0-0: Called Strike 0-1: Ground out 1-3 (Groundball, 13, EV 62.5 MPH)
|
Pinch Hitting: RHB Mike Salmon
|
0-0: Called Strike 0-1: Ball 1-1: Ball 2-1: Foul Ball, location: 2F 2-2: Ball 3-2: SINGLE (Groundball, 34, EV 102.5 MPH)
|
Pinch Hitting: RHB Shigem Kubo
|
0-0: Foul Ball, location: 2F 0-1: Ball 1-1: Foul Ball, location: 2F 1-2: Ball 2-2: Reached on error, E6 (Groundball, 4M, EV 94.4 MPH) Mike Salmon to second
|
Batting: RHB John Ham
|
0-0: Swinging Strike 0-1: Ball 1-1: Ball 2-1: Foul Ball, location: 2F 2-2: Fielders Choice at 2nd, 5-4 (Groundball, 5, EV 100.6 MPH)
|
Top of the 8th over - 0 runs, 1 hit, 1 error, 2 left on base; Montreal 4 - New York 4 |
BOTTOM OF THE 8TH |
New York Yankees batting - Pitching for Montreal Expos : LHP Kyle Schlosschlonghair
|
Now at 1B: Tommy Mize
|
|
Now at 3B: Tommie Eaton
|
|
Now in RF: Shigem Kubo
|
|
Batting: RHB Adriaan Pieters
|
0-0: Called Strike 0-1: Ball 1-1: Ball 2-1: Fly out, F7 (Flyball, 78M, EV 88.8 MPH)
|
Batting: RHB Shiro Suehiro
|
0-0: Ball 1-0: Ball 2-0: Ball 3-0: Called Strike 3-1: DOUBLE (Line Drive, 89D, EV 115.6 MPH)
|
Batting: RHB James Boynton
|
0-0: Ball 1-0: Swinging Strike 1-1: Called Strike 1-2: Strikes out swinging
|
Batting: RHB Russ Shambaugh
|
0-0: Foul Ball, location: 2F 0-1: SINGLE (Groundball, 56D, EV 102.5 MPH) Shiro Suehiro to third Runner from 3rd tries for Home, SAFE, throw by LF to home
|
Batting: RHB Geni Prawiranega
|
0-0: Called Strike 0-1: Foul Ball, location: 2F 0-2: Strikes out swinging, 2-3 out at first.
|
Bottom of the 8th over - 1 run, 2 hits, 0 errors, 1 left on base; Montreal 4 - New York 5 |
TOP OF THE 9TH |
Montreal Expos batting - Pitching for New York Yankees : LHP Robert Cruz
|
Pitching: RHP Isaias Chavez
|
|
Batting: LHB Austin Ohmer
|
0-0: Fly out, F9 (Flyball, 89S, EV 80.0 MPH)
|
Batting: RHB Steve French
|
0-0: Foul Ball, location: 2F 0-1: Called Strike 0-2: Ball 1-2: Ball 2-2: Foul Ball, location: 2F 2-2: Ball 3-2: Ground out 6-3 (Groundball, 6, EV 98.8 MPH)
|
Batting: SHB Lou Kroneman
|
0-0: Ball 1-0: Swinging Strike 1-1: Foul Ball, location: 2F 1-2: Strikes out swinging
|
Top of the 9th over - 0 runs, 0 hits, 0 errors, 0 left on base; Montreal 4 - New York 5 |
|